 Dungeon Sprint DCSS version 0.31-a0-851-g7ff8af7976 (webtiles) character file.

Game seed: 4716951015803463471

744 AiryTheDragon the Grappler (level 7, -1/56 HPs)
             Began as a Red Draconian Shapeshifter on Oct 8, 2023.
             Was an Initiate of Jiyva.
             Slain by a demonic crawler (15 damage)
             ... in the Dungeon (Sprint I: "Red Sonja").
             The game lasted 00:08:48 (320 turns).

AiryTheDragon the Grappler (DrSh)                    Turns: 320, Time: 00:08:48

Health: -1/56      AC:  7    Str: 18    XL:     7   Next: 47%
Magic:  7/7        EV: 13    Int: 10    God:    Jiyva [......]
Gold:   207        SH:  0    Dex: 11    Spells: 6/6 levels left

rFire   + . .        j - melded +0 dagger
rCold   . . .        (shield currently unavailable)
rNeg    . . .        (body armour unavailable)
rPois   .            (helmet restricted)
rElec   .            (no cloak)
rCorr   .            i - +0 pair of gloves
SInv    .            (no boots)
Will    .....        (no amulet)
Stlth   +            (no ring)
HPRegen 0.29/turn    (no ring)
MPRegen 0.10/turn

%: no teleportation
@: flux-form, hasted and slowed, glowing
A: glow, contaminating, breathe fire, AC +6, unfitting armour, fire resistance
1, cold-blooded
a: Breathe Fire, Begin Untransformation, Renounce Religion


You were in the Dungeon.
You worshipped Jiyva.
Jiyva was noncommittal.
You were something dangerously unstable.
You visited 1 branch You collected 297 gold pieces.
You spent 90 gold pieces at shops.

Inventory:

Hand Weapons
 j - a +0 dagger (melded)
 k - a +0 scythe
Armour
 i - a +0 pair of gloves (worn)
Talismans
 b - a beast talisman
 c - a flux talisman (active)
Wands
 d - a wand of flame (6)
 h - a wand of charming (6)
Potions
 a - a potion of lignification
 g - 2 potions of magic


   Skills:
 + Level 2.8 Fighting
 + Level 4.4 Dodging
 + Level 0.3 Stealth
 + Level 10.1 Unarmed Combat
 * Level 6.8 Evocations
 + Level 10.0 Shapeshifting


You had 6 spell levels left.
You didn't know any spells.
Your spell library was empty.

Dungeon Overview and Level Annotations

Branches:
Dungeon (1/1)

Altars:
Cheibriados
Dithmenos
Elyvilon
Fedhas
Gozag
Hepliaklqana
Kikubaaqudgha
Makhleb
Nemelex Xobeh
Okawaru
Qazlal
Ru
Sif Muna
Trog
Uskayaw
Vehumet
Wu Jian
Xom
Yredelemnul
Zin
The Shining One
Jiyva
Lugonu

Shops:
D [

Annotations:
D Sonja


Innate Abilities, Weirdness & Mutations

You are something dangerously unstable.
You glow with magical radiation, making you easy to see and hit.
Foes you strike become dangerously contaminated with magical radiation.
You are incapable of wielding weapons or throwing items.
You can breathe blasts of fire.
Your fiery red scales are hard. (AC +6)
You cannot fit into any form of body armour.
Your flesh is heat resistant. (rF+)
You are cold-blooded and may be slowed by cold attacks.


Message History

4 demonic crawlers come into view.
The demonic crawler gives a hideous shriek! x4
The kobold demonologist mumbles some strange words.
The demonic crawler moves out of view.
Aiming: Breathe Fire (5% risk of failure)
Press: ? - help, Shift-Dir - straight line
Okay, then.
Aiming: Charm
Press: ? - help, Shift-Dir - straight line, f - kobold demonologist
Aim: a kobold demonologist, wielding a +0 dagger and wearing a +0 robe (chance to affect: 48%)
The kobold demonologist is charmed.
The iron imp disappears in a puff of smoke! x2
The white imp disappears in a puff of smoke!
Sonja throws a curare-tipped dart.
The curare-tipped dart hits your kobold demonologist.
Your kobold demonologist is poisoned.
Your kobold demonologist convulses.
Your kobold demonologist seems to slow down.
Something hits your kobold demonologist.
Something barely misses your kobold demonologist.
Something hits your kobold demonologist.
The demonic crawler hits your kobold demonologist!
The demonic crawler closely misses your kobold demonologist.
The demonic crawler hits your kobold demonologist!
Your kobold demonologist mumbles some strange words.
Sonja closely misses something.
Sonja misses something.
Sonja hits something with a +0 short sword of distortion.
Space warps horribly around something!!
Something barely misses your kobold demonologist.
Something closely misses your kobold demonologist.
Something hits your kobold demonologist.
Your kobold demonologist dies!
Your iron imp disappears in a puff of smoke!
Sonja gestures wildly while chanting.
Sonja blinks!
There is an open door here.
The demonic crawler attacks as it pursues you!
The demonic crawler hits you. x2
* * * LOW HITPOINT WARNING * * *
The demonic crawler hits you!
You die...

##########################
#<.#.['..#..'..#__#.sK...#
#..'..#..'..#..s.s.s.#§..#
#..#####'#####p#__####
s.s.. #..####..#...#.####
##.. #..#__####..##§#§~§.
# #..#_____##'#_§§~~~.§+
#⌠⌠#_.∩....§..§#§§§.c#
####_..__##_.#+##.###
#_____###.# ... #######
#.# ### ...


You could see 4 demonic crawlers and Sonja.

Vanquished Creatures
  A kobold demonologist (D)
  A yak (D)
  An ogre (D)
  Ijyb (D)
4 creatures vanquished.

Vanquished Creatures (collateral kills)
  A slime creature (D)
  Sigmund (D)
2 creatures vanquished.

Vanquished Creatures (others)
  A kobold demonologist (D)
  3 floating eyes (D)
  5 necrophages (D)
  9 jellies (D)
  2 ballistomycete spores (D)
20 creatures vanquished.

Grand Total: 26 creatures vanquished

Notes
Turn   | Place    | Note
-------+----------+-------------------------------------------
     0 | D        | AiryTheDragon the Draconian Shapeshifter began the quest
                  | for the Orb.
     0 | D        | Reached XP level 1. HP: 16/16 MP: 1/1
     2 | D        | Noticed Ijyb
    11 | D        | Killed Ijyb
    12 | D        | Reached XP level 2. HP: 23/23 MP: 2/2
    61 | D        | Noticed an ogre
    68 | D        | Noticed Sigmund
    74 | D        | Killed Sigmund
    75 | D        | Reached XP level 3. HP: 22/29 MP: 3/3
    75 | D        | Reached XP level 4. HP: 28/36 MP: 4/4
    75 | D        | Reached XP level 5. HP: 32/41 MP: 5/5
    89 | D        | Found a burning altar of Makhleb.
    89 | D        | Found a shimmering altar of Xom.
    89 | D        | Noticed a slime creature
    90 | D        | Found a viscous altar of Jiyva.
    90 | D        | Found a corrupted altar of Lugonu.
    95 | D        | Killed a slime creature
    96 | D        | Reached skill level 5 in Evocations
    96 | D        | Reached XP level 6. HP: 27/48 MP: 6/6
    98 | D        | Became a worshipper of Jiyva Jomidewk the Shapeless
   124 | D        | Found an ornate altar of the Wu Jian Council.
   124 | D        | Found a shimmering blue altar of Sif Muna.
   126 | D        | Found a radiant altar of Vehumet.
   128 | D        | Found Kuz Nira's Antique Armour Emporium.
   128 | D        | Found a hazy altar of Hepliaklqana.
   128 | D        | Found a hide-covered altar of Uskayaw.
   129 | D        | Found a stormy altar of Qazlal.
   129 | D        | Found a blossoming altar of Fedhas.
   129 | D        | Found a bloodstained altar of Trog.
   129 | D        | Found an iron altar of Okawaru.
   129 | D        | Found a sacrificial altar of Ru.
   129 | D        | Found a glowing silver altar of Zin.
   129 | D        | Killed a floating eye
   130 | D        | Found an ancient bone altar of Kikubaaqudgha.
   130 | D        | Found a basalt altar of Yredelemnul.
   130 | D        | Found a glowing golden altar of the Shining One.
   130 | D        | Found a snail-covered altar of Cheibriados.
   130 | D        | Found a shadowy altar of Dithmenos.
   130 | D        | Found a white marble altar of Elyvilon.
   130 | D        | Noticed a yak
   131 | D        | Found an opulent altar of Gozag.
   132 | D        | Found a sparkling altar of Nemelex Xobeh.
   136 | D        | Killed a yak
   137 | D        | Killed a floating eye
   158 | D        | Noticed a shining eye
   160 | D        | Bought a pair of gloves for 90 gold pieces
   282 | D        | Noticed a floating eye
   293 | D        | Noticed Sonja
   293 | D        | Killed a floating eye
   295 | D        | Noticed a floating eye
   297 | D        | Noticed a centaur warrior
   303 | D        | Noticed a kobold demonologist
   304 | D        | Noticed a kobold demonologist
   311 | D        | Killed a kobold demonologist
   312 | D        | Reached skill level 10 in Unarmed Combat
   312 | D        | Reached skill level 10 in Shapeshifting
   312 | D        | Your scales start taking on a fiery red colour.
   312 | D        | Reached XP level 7. HP: 21/56 MP: 7/7
   312 | D        | Gained mutation: Your flesh is heat resistant. (rF+) [Red
                  | Draconian growth]
   313 | D        | Noticed a demonic crawler
   313 | D        | Noticed a demonic crawler
   313 | D        | Noticed a demonic crawler
   313 | D        | Noticed a demonic crawler
   320 | D        | Slain by a demonic crawler

Illustrated notes

Levels and vault maps discovered:
D:        dungeon_sprint_1 [red_sonja_temple_1, red_sonja_temple_small_1]

Skill      XL: |  1  2  3  4  5  6 |
---------------+-------------------+-----
Dodging        | 2 3 4 |  4.4
Unarmed Combat | 4 7 8 10 | 10.1
Shapeshifting  | 4 7 8 10 | 10.0
Evocations     | 4 5 6 |  6.8
Fighting       | 2 |  2.8
Stealth        | |  0.3

Action                     |  1- 3 |  4- 6 |  7- 9 || total
---------------------------+-------+-------+-------++-------
  Melee: Unarmed           |     7 |    15 |     1 ||    23
         Dagger            |     2 |       |       ||     2
         Tailslap          |     1 |     3 |       ||     4
         Punch             |     1 |       |       ||     1
  Evoke: Wand              |     1 |     5 |     1 ||     7
    Use: Potion            |     2 |     2 |       ||     4
         Scroll            |       |     1 |       ||     1
 Armour: Skin              |     5 |     5 |     3 ||    13
  Dodge: Dodged            |     4 |     8 |       ||    12
   Form: Flux              |       |     1 |       ||     1

Table legend: (Time is in decaauts)
 A = Elapsed time spent in this place.
 B = Non-inter-level travel time spent in this place.
 C = Inter-level travel time spent in this place.
 D = Time resting spent in this place.
 E = Time spent auto-exploring this place.
 F = Levels seen in this place.
 G = Mean time per level.
                   A        B        C        D        E       F      G
               +--------+--------+--------+--------+--------+-----+--------+
         Total |    329 |    323 |      6 |    184 |      0 |   1 |  329.0 |
       Dungeon |    329 |    323 |      6 |    184 |      0 |   1 |  329.0 |
               +--------+--------+--------+--------+--------+-----+--------+

Top non-repeatable levels by time:
       D: 329 daAuts
